 Dungeon Crawl Stone Soup version 0.26-a0-1101-g8f9f7f7418 (webtiles) character file.

Game seed: 12599576349639437340

137889 1994 the Peltast (level 16, -8/134 HPs)
             Began as a Demigod Conjurer on Dec 14, 2020.
             Killed from afar by a guardian serpent (29 damage)
             ... with a bolt of poison
             ... on level 1 of the Snake Pit on Dec 15, 2020.
             The game lasted 03:00:25 (45512 turns).

1994 the Peltast (Demigod Conjurer)                Turns: 45512, Time: 03:00:26

Health: -8/134     AC: 14    Str: 10    XL:     16   Next: 19%
Magic:  33/35      EV: 11    Int: 44    God:
Gold:   249        SH: 18    Dex: 20    Spells: 4/35 levels left

rFire    + . .     SeeInvis .   a - +7 hand axe of Balance {vorpal, rElec rC- Int+9 Stlth+}
rCold    . . .     Faith    .   B - +0 kite shield
rNeg     . . .     Spirit   .   C - +3 ring mail
rPois    .         Reflect  +   f - +1 helmet
rElec    +         Harm     .   F - scarf {rC+ rF+}
rCorr    .         Rampage  .   Y - +0 pair of gloves "Woraothi" {Int+3} (curse)
Will     ++...                  S - +0 pair of boots
Stlth    +++.......             t - amulet of reflection
HPRegen  0.32/turn              Q - ring of willpower
MPRegen  0.24/turn              D - +6 ring of dexterity

@: lethally poisoned (-8 -> -12), about to teleport, constricted
A: high mp 1
a: no special abilities


You were on level 1 of the Snake Pit.
You visited 6 branches of the dungeon, and saw 26 of its levels.
You also visited: Bailey.

You collected 2675 gold pieces.
You spent 2426 gold pieces at shops.

Inventory:

Hand Weapons
 a - the +7 hand axe of Balance (weapon) {vorpal, rElec rC- Int+9 Stlth+}
   (You found it on level 6 of the Lair of Beasts)

   It inflicts extra damage upon your enemies.
   It affects your intelligence (+9).
   It makes you vulnerable to cold.
   It insulates you from electricity.
   It makes you more stealthy.
 b - a +4 long sword
Missiles
 m - 92 poisoned darts (quivered)
 p - 4 datura-tipped darts
 K - a throwing net
 L - 4 curare-tipped darts
Armour
 f - a +1 helmet (worn)
 B - a +0 kite shield (worn)
 C - a +3 ring mail (worn)
 F - a scarf of resistance (worn)
 S - a +0 pair of boots (worn)
 Y - the cursed +0 pair of gloves "Woraothi" (worn) {Int+3}
   (You found it on level 4 of the Lair of Beasts)

   It affects your intelligence (+3).
   It has a curse placed upon it.
Magical Staves
 v - an uncursed staff of poison
 M - an uncursed staff of cold
Jewellery
 k - an uncursed ring of fire
 t - an amulet of reflection (around neck)
 u - an uncursed ring of protection from fire
 D - a +6 ring of dexterity (right hand)
 O - an uncursed ring of ice
 Q - a ring of willpower (left hand)
 T - the amulet "Yffyffud" {Faith +Blink Dex+4}
   (You found it on level 3 of the Lair of Beasts)

   [amulet of faith]

   It allows you to gain divine favour quickly.
   It affects your dexterity (+4).
   It lets you blink.
 U - an uncursed ring of positive energy
 X - an uncursed ring of see invisible
Wands
 q - a wand of iceblast (1)
 s - a wand of flame (77)
 G - a wand of acid (22)
 H - a wand of polymorph (46)
 Z - a wand of enslavement (6)
Scrolls
 g - 7 scrolls of remove curse
 h - 13 scrolls of teleportation
 i - 3 scrolls of fear
 j - a scroll of magic mapping
 l - 5 scrolls of blinking
 w - a scroll of acquirement
 y - a scroll of silence
 N - a scroll of immolation
 P - 7 scrolls of identify
 V - 3 scrolls of fog
Potions
 c - 3 potions of berserk rage
 d - 16 potions of curing
 n - 2 potions of cancellation
 o - 3 potions of might
 r - a potion of magic
 x - 6 potions of lignification
 z - 4 potions of haste
 A - 2 potions of invisibility
 E - 9 potions of heal wounds
 I - a potion of flight
 J - 5 potions of resistance
 R - 2 potions of ambrosia
 W - 2 potions of brilliance
Miscellaneous
 e - a lightning rod (4/4)


   Skills:
 + Level 10.1 Fighting
 - Level 5.5 Armour
 - Level 5.7 Dodging
 - Level 1.7 Stealth
 - Level 15.0 Shields
 + Level 10.0 Spellcasting
 * Level 12.1 Conjurations
 - Level 4.0 Hexes
 - Level 4.0 Translocations
 - Level 2.0 Transmutations
 * Level 11.1 Air Magic
 - Level 2.0 Earth Magic


You had 4 spell levels left.
You knew the following spells:

 Your Spells              Type           Power        Failure   Level
a - Shock                 Conj/Air       ####         1%          1
c - Fulminant Prism       Conj/Hex       #######...   1%          4
d - Iskenderun's Mystic   Conj/Tloc      #######.     1%          4
e - Lightning Bolt        Conj/Air       #######...   1%          5
f - Airstrike             Air            #######...   1%          4
g - Conjure Ball Lightni  Conj/Air       #######...   4%          6
h - Iskenderun's Battles  Conj           #######.     1%          5
i - Passwall              Tmut/Erth      #####...     1%          2

Your spell library contained the following spells:

 Spells                   Type           Power        Failure   Level
 Beastly Appendage        Tmut           #####.       1%          1
 Corona                   Hex            ######.      1%          1
 Magic Dart               Conj           ####         1%          1
 Sandblast                Erth           #####.       1%          1
 Corpse Rot               Necr/Air       N/A          1%          2
 Ensorcelled Hibernation  Hex/Ice        #####.       1%          2
 Poisonous Vapours        Pois/Air       ######       1%          2
 Searing Ray              Conj           ######       1%          2
 Slow                     Hex            ######..     1%          2
 Swiftness                Air            #######.     1%          2
 Wereblood                Tmut           #####...     1%          2
 Confusing Touch          Hex            ######..     1%          3
 Conjure Flame            Conj/Fire      ######..     1%          3
 Dazzling Flash           Conj/Hex       ######       1%          3
 Mephitic Cloud           Conj/Pois/Air  ######..     1%          3
 Static Discharge         Conj/Air       #######.     1%          3
 Stone Arrow              Conj/Erth      ######       1%          3
 Tukima's Dance           Hex            ######..     1%          3
 Summon Lightning Spire   Summ/Air       ######..     3%          4
 Spider Form              Tmut/Pois      ####......   6%          3
 Leda's Liquefaction      Hex/Erth       #####.....   9%          4
 Petrify                  Tmut/Erth      #####...     14%         4
 Ice Form                 Ice/Tmut       ####....     21%         4
 Silence                  Hex/Air        ######....   4%          5
 Bolt of Magma            Conj/Fire/Erth ######....   13%         5
 Orb of Destruction       Conj           #######...   19%         7
 Freezing Cloud           Conj/Ice/Air   ######....   21%         6
 Iron Shot                Conj/Erth      ######....   26%         6
 Blade Hands              Tmut           #####.....   36%         5
 Lee's Rapid Deconstruct  Erth           #####.....   36%         5
 Summon Forest            Summ/Tloc      #####.....   36%         5
 Invisibility             Hex            ######..     67%         6
 Hydra Form               Tmut           #####.....   91%         6
 Spellforged Servitor     Conj/Summ      ######....   92%         7
 Eringya's Noxious Bog    Tmut/Pois      ####......   97%         6
 Summon Hydra             Summ           ###.......   100%        7
 Tornado                  Air            #######...   100%        9


Dungeon Overview and Level Annotations

Branches:
Dungeon (15/15)            Temple (1/1) D:4            Lair (6/6) D:10
  Swamp (1/4) Lair:2        Snake (1/4) Lair:3        Slime (0/5) Lair:5
    Orc (2/2) D:11            Elf (0/3) Orc:2        Vaults (0/5) D:13
 Depths (0/5) D:15         Bailey (visited)

Shops:
D:6 !   D:7 [?*[   D:9 :?!   D:14 :   Orc:2 [(:[*

Annotations:
Swamp:1 Donald; Louise
Snake:1 1 runed translucent door, Lioguxoh's ghost, adept TeFE; Roxanne


Innate Abilities, Weirdness & Mutations

You have an increased reservoir of magic. (+10% MP)


Message History

Unknown command.
Unknown command.
As you read the scroll of teleportation, it crumbles to dust.
You feel strangely unstable.
You feel sick.
You block the guardian serpent's attack.
The naga warrior hits you with a +0 war axe!!
* * * LOW HITPOINT WARNING * * *
The naga warrior grabs you.
* * * LOW HITPOINT WARNING * * *
The naga warrior constricts you.
The black mamba hisses angrily.
Unknown command.
Unknown command.
Okay, then.
Unknown command.
You feel better.
The guardian serpent casts a spell at you.
The bolt of poison hits you!!
You are poisoned.
You die...

..#........# #.# .♣#.†####..#
#.# ..#..# #..# #.# .##..#
#..# #.# ###..# ##*.####.# #
#..# #.###...#############.
###..###...#.#...N...#.......
##.....###...#..SN.S.#.S...#
#........###..†#@#N..#.....#
#..........###...#*#...#
#..........# ###...#§..#
#..........# ###...#...#
#..........# ###...###
#....).)...# ##...
#..........#### ####
'..............
#...?......###


You could see a naga warrior, a guardian serpent, a black mamba and a naga
(catching breath).

Vanquished Creatures
  Frances (D:12)
  2 orc warlords
  The ghost of Wuycwo the Cleaver, a journeyman MiFi of Okawaru (Orc:1)
  Nessos (D:14)
  3 entropy weavers (Lair:3)
  The ghost of Otaah the Fighter, a journeyman GnWn of Sif Muna (Lair:2)
  A naga warrior (Snake:1)
  8 vault guards
  2 ghost crabs (Lair:3)
  3 boulder beetles
  7 hydras
  3 catoblepae (Lair:6)
  An ogre mage (D:15)
  An anaconda (shapeshifter) (D:15)
  9 death yaks
  6 centaur warriors
  9 two-headed ogres
  2 tengu warriors
  3 orc high priests (Orc:2)
  Nergalle (Orc:1)
  A naga sharpshooter (Snake:1)
  5 fire crabs (Lair:3)
  The ghost of Beaer the Covert, a novice VSBr of Okawaru (D:9)
  2 unseen horrors
  A deep elf archer (D:15)
  A naga ritualist (Snake:1)
  A deep troll (D:15)
  2 bog bodies (Lair:2)
  5 lindwurms
  Pikel (D:5)
  5 orc knights
  An orb spider (shapeshifter) (D:13)
  15 ugly things
  2 mana vipers (Snake:1)
  3 deep elf magi
  An oklob plant (Lair:4)
  A salamander (Snake:1)
  3 cyclopes
  5 manticores
  5 orc sorcerers
  12 black mambas
  2 naga magi (Snake:1)
  27 elephants
  An apocalypse crab (Lair:3)
  2 gargoyles
  7 cane toads
  5 rime drakes
  2 kobold demonologists
  11 komodo dragons
  2 efreet
  2 tengu conjurers (D:13)
  3 polar bears
  9 trolls
  A jumping spider (shapeshifter) (D:15)
  17 blink frogs
  2 hornets
  10 slime creatures
  5 dream sheep
  A centaur simulacrum (D:15)
  A meliai zombie (D:12)
  A wyvern (Lair:4)
  3 vampires
  3 shadows
  67 yaks
  5 wraiths
  A catoblepas simulacrum (Lair:3)
  5 basilisks
  10 vampire mosquitoes
  A death yak simulacrum (Lair:3)
  10 nagas
  2 wargs (Orc:2)
  A hydra simulacrum (Lair:3)
  17 water moccasins
  A black bear (shapeshifter) (D:14)
  31 orc warriors
  3 sky beasts
  3 black bears
  An eye of draining (D:13)
  2 phantoms
  A black mamba simulacrum (Lair:3)
  15 ogres
  10 wolves
  4 lemures
  9 centaurs
  2 big kobolds
  25 bullfrogs
  A wyvern zombie (D:12)
  A cane toad simulacrum (Lair:3)
  2 scorpions
  2 wyvern skeletons
  A lindwurm simulacrum (Lair:3)
  11 killer bees
  16 wights
  2 howler monkeys
  A torpor snail simulacrum (Lair:3)
  2 bullfrog zombies
  5 hounds
  10 jellies
  4 bullfrog skeletons
  2 centaur zombies
  17 orc wizards
  17 orc priests
  2 quasits
  A water moccasin simulacrum (Lair:3)
  2 centaur skeletons
  Natasha (thrice) (D:2)
  7 iguanas
  5 hell rats (Lair:3)
  15 worker ants
  A polar bear simulacrum (Lair:3)
  2 hound zombies
  A worker ant zombie (D:5)
  Robin (D:2)
  5 gnolls
  2 river rats (D:10)
  16 adders
  A shadow imp (D:7)
  5 white imps
  3 ufetubi
  An ooze (Lair:5)
  An adder skeleton (D:5)
  2 worms
  A dart slug (D:2)
  9 leopard geckos
  73 orcs
  A ball python (D:3)
  7 bats
  4 giant cockroaches
  21 goblins
  15 hobgoblins
  7 jackals (D:2)
  6 quokkas
  7 frilled lizards
  A jackal zombie (D:5)
  38 kobolds
  A leopard gecko zombie (D:6)
  A quokka zombie (D:6)
  7 rats
  2 ball lightnings
  4 fulminant prisms
856 creatures vanquished.

Vanquished Creatures (collateral kills)
  4 ball lightnings
4 creatures vanquished.

Vanquished Creatures (others)
  A cane toad (Lair:5)
  A wolf (Lair:5)
  An orc wizard (D:10)
  A kobold (D:7)
  134 ball lightnings
  235 fulminant prisms
  75 fungi
  60 plants
508 creatures vanquished.

Grand Total: 1368 creatures vanquished

Notes
Turn   | Place    | Note
-------+----------+-------------------------------------------
     0 | D:1      | 1994 the Demigod Conjurer began the quest for the Orb.
     0 | D:1      | Reached XP level 1. HP: 14/14 MP: 5/5
   332 | D:1      | Reached XP level 2. HP: 22/22 MP: 5/7
   437 | D:1      | Learned a level 2 spell: Searing Ray
  1191 | D:2      | Reached skill level 1 in Fighting
  1191 | D:2      | Reached XP level 3. HP: 26/28 MP: 2/8
  1721 | D:2      | Noticed Natasha
  1741 | D:2      | Killed Natasha
  1742 | D:2      | Reached XP level 4. HP: 13/35 MP: 0/10
  2044 | D:2      | Found a stormy altar of Qazlal.
  2457 | D:2      | Noticed Natasha
  2467 | D:2      | Killed Natasha
  2671 | D:2      | Noticed Natasha
  2684 | D:2      | Killed Natasha
  2685 | D:2      | Reached XP level 5. HP: 34/41 MP: 5/11
  2878 | D:3      | Noticed Robin
  2894 | D:2      | Killed Robin
  3025 | D:3      | Found a shimmering altar of Xom.
  3304 | D:3      | Found a shadowy altar of Dithmenos.
  3787 | D:3      | Reached skill level 5 in Conjurations
  4051 | D:3      | Learned a level 4 spell: Fulminant Prism
  4071 | D:4      | Found a staircase to the Ecumenical Temple.
  4084 | Temple   | Entered the Ecumenical Temple
  4163 | D:4      | Reached XP level 6. HP: 45/49 MP: 5/13
  4291 | D:4      | Reached skill level 1 in Hexes
  4895 | D:4      | Found a sparkling altar of Nemelex Xobeh.
  5160 | D:4      | Found a shimmering altar of Xom.
  5160 | D:4      | Found a shimmering blue altar of Sif Muna.
  5161 | D:4      | Found a basalt altar of Yredelemnul.
  5438 | D:4      | Learned a level 4 spell: Iskenderun's Mystic Blast
  5442 | D:5      | Entered Level 5 of the Dungeon
  5930 | D:5      | Reached skill level 1 in Translocations
  5965 | D:5      | Reached XP level 7. HP: 56/56 MP: 8/14
  6634 | D:5      | Noticed Pikel
  7012 | D:5      | Killed Pikel
  7013 | D:5      | Reached XP level 8. HP: 27/63 MP: 8/16
  9384 | D:6      | Found an iron altar of Okawaru.
  9462 | D:6      | Found a bloodstained altar of Trog.
  9661 | D:6      | Found Zyis Kyck's Distillery.
  9666 | D:6      | Bought a potion of degeneration for 12 gold pieces
  9787 | D:6      | Found a blossoming altar of Fedhas.
 10065 | D:6      | Found a blossoming altar of Fedhas.
 10109 | D:6      | Found an iron altar of Okawaru.
 10110 | D:6      | Found a bloodstained altar of Trog.
 10162 | D:6      | Found Zyis Kyck's Distillery.
 10535 | D:7      | Reached XP level 9. HP: 71/71 MP: 14/18
 10767 | D:7      | Found a glowing golden altar of the Shining One.
 11340 | D:7      | Found Seets's Assorted Antiques.
 11340 | D:7      | Identified the Almanac of Transmutation
 11349 | D:7      | Bought a scroll labelled HUITHR BOLIMP for 25 gold pieces
 11349 | D:7      | Bought a sapphire potion for 22 gold pieces
 11380 | D:7      | Found Xunleh's Armour Emporium.
 11388 | D:7      | Bought a cursed +0 pair of gloves for 18 gold pieces
 11393 | D:7      | Bought a +0 pair of boots for 54 gold pieces
 11519 | D:7      | Found Quaru's Magic Scroll Boutique.
 11565 | D:7      | Bought a scroll of fog for 30 gold pieces
 11949 | D:7      | Found Plog's Armour Boutique.
 12240 | D:8      | Reached skill level 1 in Shields
 12421 | D:8      | Found a glowing silver altar of Zin.
 13091 | D:8      | Reached skill level 5 in Fighting
 13202 | D:8      | Found a sacrificial altar of Ru.
 13234 | D:9      | Found Nuzeimam's Magic Scroll Shop.
 13251 | D:9      | Reached skill level 1 in Armour
 13251 | D:9      | Reached skill level 5 in Spellcasting
 13256 | D:9      | Bought 2 scrolls of remove curse for 72 gold pieces
 13256 | D:9      | Found a radiant altar of Vehumet.
 13305 | D:9      | Found a flagged portal.
 13310 | D:9      | Reached skill level 2 in Shields
 13334 | Bailey   | Entered a bailey
 13374 | Bailey   | Noticed an orc warlord
 13439 | Bailey   | Noticed an orc knight
 13543 | Bailey   | Killed an orc knight
 13678 | Bailey   | Found a runed translucent gate.
 13679 | Bailey   | Found a runed translucent gate.
 13681 | Bailey   | Found a runed translucent gate.
 13900 | Bailey   | Killed an orc warlord
 13901 | Bailey   | Reached skill level 3 in Shields
 13901 | Bailey   | Reached XP level 10. HP: 50/81 MP: 10/21
 14093 | Bailey   | Reached skill level 9 in Shields
 14093 | Bailey   | Reached XP level 11. HP: 88/88 MP: 22/22
 14094 | Bailey   | Identified Sif Muna's Papyrus of Enchantment
 14171 | D:9      | Found Pantell's Distillery.
 14547 | D:9      | Found a runed translucent door.
 14547 | D:9      | Noticed Beaer's ghost (novice VSBr)
 14557 | D:9      | Found Zowk's Book Shop.
 14815 | D:9      | Noticed Psyche
 14816 | D:9      | Noticed Psyche
 14816 | D:9      | Psyche changed into Psyche the ogre
 14819 | D:9      | Killed Psyche the ogre
 15341 | D:10     | Entered Level 10 of the Dungeon
 15402 | D:10     | Noticed a two-headed ogre
 15407 | D:10     | Killed a two-headed ogre
 15842 | D:10     | Noticed a death yak
 15855 | D:10     | Noticed a death yak
 15855 | D:10     | Noticed a death yak
 15881 | D:9      | Killed a death yak
 16080 | D:10     | Found a staircase to the Lair.
 16290 | D:10     | Killed a death yak
 16291 | D:10     | Reached skill level 10 in Shields
 16439 | D:10     | Killed a death yak
 17524 | D:11     | Found a roughly hewn altar of Beogh.
 17524 | D:11     | Found a staircase to the Orcish Mines.
 17543 | D:11     | Reached skill level 10 in Conjurations
 17543 | D:11     | Reached XP level 12. HP: 91/97 MP: 17/25
 18545 | Lair:1   | Entered Level 1 of the Lair of Beasts
 20253 | Lair:2   | Reached skill level 5 in Armour
 20483 | Lair:2   | Found a staircase to the Swamp.
 20495 | Lair:2   | Reached skill level 11 in Shields
 20545 | Lair:2   | Noticed a seven-headed hydra
 20562 | Lair:2   | Killed a seven-headed hydra
 20610 | Lair:2   | Noticed a five-headed hydra
 20617 | Lair:2   | Killed a five-headed hydra
 21586 | Lair:3   | Noticed Otaah's ghost (journeyman GnWn)
 21621 | Lair:3   | Found a runed translucent gate.
 21622 | Lair:3   | Found a runed translucent gate.
 21623 | Lair:3   | Found a runed translucent door.
 21623 | Lair:3   | Found a runed translucent gate.
 21674 | Lair:3   | You fall into a shaft and drop 3 floors!
 21674 | Lair:6   | Entered Level 6 of the Lair of Beasts
 21686 | Lair:6   | Noticed a five-headed hydra
 21861 | Lair:3   | Found a staircase to the Snake Pit.
 23060 | Lair:3   | Reached XP level 13. HP: 105/105 MP: 28/28
 23496 | Lair:2   | Killed Otaah's ghost
 24169 | Lair:4   | Reached skill level 12 in Shields
 25506 | Lair:4   | Got a pair of faintly glowing gloves
 25517 | Lair:4   | Identified the cursed +0 pair of gloves "Woraothi" {Int+3}
                  | (You found it on level 4 of the Lair of Beasts)
 27254 | Lair:5   | Found a staircase to the Slime Pits.
 27849 | Lair:6   | Reached skill level 13 in Shields
 28138 | Lair:6   | Reached XP level 14. HP: 103/116 MP: 11/31
 28492 | Lair:6   | Got a pitted hand axe
 28493 | Lair:6   | Identified the +7 hand axe of Balance {vorpal, rElec rC-
                  | Int+9 Stlth+} (You found it on level 6 of the Lair of
                  | Beasts)
 30373 | Lair:3   | Learned a level 2 spell: Passwall
 30593 | Lair:3   | Reached skill level 1 in Transmutations
 30593 | Lair:3   | Reached skill level 1 in Earth Magic
 31381 | Lair:3   | Got a vibrating copper amulet
 31392 | Lair:3   | Identified the amulet of Cetsiamu {RegenMP Dex+2} (You
                  | found it on level 3 of the Lair of Beasts)
 31394 | Lair:3   | Got a coiled bone amulet
 31406 | Lair:3   | Identified the amulet "Yffyffud" {Faith +Blink Dex+4} (You
                  | found it on level 3 of the Lair of Beasts)
 31558 | Orc:1    | Entered Level 1 of the Orcish Mines
 31563 | Orc:1    | Noticed Nergalle
 31576 | Orc:1    | Killed Nergalle
 31577 | Orc:1    | Reached skill level 14 in Shields
 31986 | Orc:1    | Found a transporter.
 32020 | Orc:1    | Found a transporter.
 32026 | Orc:1    | Noticed Wuycwo's ghost (journeyman MiFi)
 32026 | Orc:1    | Identified the cursed +3 dire flail "Oceh" {pain, rF+ rC-
                  | Dex+2}
 32028 | Orc:1    | Reached skill level 5 in Dodging
 33121 | Orc:1    | Killed Wuycwo's ghost
 33353 | Orc:2    | Entered Level 2 of the Orcish Mines
 33362 | Orc:2    | Found Xasaben's General Store.
 33363 | Orc:2    | Noticed an orc warlord
 33641 | Orc:1    | Killed an orc warlord
 33642 | Orc:1    | Reached skill level 10 in Fighting
 33849 | Orc:2    | Found a staircase to the Elven Halls.
 33866 | Orc:2    | Found Porub's Antique Armour Boutique.
 34135 | Orc:2    | Found Vicvoac's Book Shop.
 34154 | Orc:2    | Reached XP level 15. HP: 111/126 MP: 18/33
 34279 | Orc:2    | Upgraded the game from 0.26-a0-1079-g3a4175ecf3 to
                  | 0.26-a0-1101-g8f9f7f7418
 34587 | Orc:2    | Found Ynothroa's Antique Weapon Emporium.
 34633 | Orc:2    | Found a roughly hewn altar of Beogh.
 34712 | Orc:2    | Found a roughly hewn altar of Beogh.
 34831 | Orc:2    | Found Mukuph's Antique Armour Shop.
 35002 | Orc:2    | Bought a book of the Sky for 845 gold pieces
 35002 | Orc:2    | Bought a book of Air for 455 gold pieces
 35008 | Orc:2    | Learned a level 5 spell: Lightning Bolt
 35013 | Orc:2    | Learned a level 4 spell: Airstrike
 35020 | Orc:2    | Learned a level 6 spell: Conjure Ball Lightning
 35031 | Orc:2    | Bought a glowing ring mail for 154 gold pieces
 35088 | Orc:2    | Bought an ancient leather armour for 154 gold pieces
 35102 | Orc:2    | Identified the +1 leather armour of True Grit {Rampage
                  | rElec rF- rN+} (You bought it in a shop on level 2 of the
                  | Orcish Mines)
 35221 | D:12     | Found a snail-covered altar of Cheibriados.
 35514 | D:12     | Noticed Frances
 35527 | D:12     | Killed Frances
 35528 | D:12     | Reached skill level 1 in Air Magic
 36481 | D:13     | Identified a scroll of acquirement
 37569 | D:13     | Reached skill level 15 in Shields
 37712 | D:13     | Reached skill level 10 in Spellcasting
 38192 | D:13     | Reached skill level 5 in Air Magic
 38757 | D:13     | Found a gate to the Vaults.
 39080 | D:14     | Found Rev Lufeso's Book Shoppe.
 39119 | D:14     | Noticed Nessos
 39123 | D:14     | Killed Nessos
 40974 | D:15     | Entered Level 15 of the Dungeon
 42353 | D:15     | Found a staircase to the Depths.
 42458 | D:15     | Reached XP level 16. HP: 125/134 MP: 23/35
 42595 | D:15     | Reached skill level 10 in Air Magic
 43282 | D:9      | Killed Beaer's ghost
 43412 | Orc:2    | Bought a book of Power for 585 gold pieces
 43570 | Lair:3   | Learned a level 5 spell: Iskenderun's Battlesphere
 43572 | Lair:3   | Learned a level 1 spell: Shock
 43790 | Snake:1  | Entered Level 1 of the Snake Pit
 44250 | Snake:1  | Found a runed translucent door.
 44250 | Snake:1  | Noticed Lioguxoh's ghost (adept TeFE)
 44673 | Snake:1  | Noticed Roxanne
 45068 | Swamp:1  | Entered Level 1 of the Swamp
 45068 | Swamp:1  | Noticed Louise
 45068 | Swamp:1  | Noticed Donald
 45512 | Snake:1  | Killed from afar by a guardian serpent

Illustrated notes

Levels and vault maps discovered:
D:1:      dpeg_arrival_rooms_b, layout_rooms
D:2:      layout_rooms, old_standard_altar, kennysheep_cluttered_room,
          minmay_stone_trees_small, uniq_natasha
D:3:      layout_basic, lemuel_round_altar, brannock_xom_greatest_gift,
          uniq_robin
D:4:      layout_gridville, kennysheep_mini, gammafunk_temple_overflow_claw,
          minmay_temple_entry_mini_moons, hex_medium
D:5:      wad_crossroads, layout_loops_ring, uniq_pikel
D:6:      layout_cave_pools, grunt_temple_overflow_bloody_war,
          kennysheep_mini_moat, serial_shops, shop
D:7:      layout_loops_corners, serial_shops, shop_scrolls, shop,
          nicolae_shop_trees, shop_fountains, tso_metal_star
D:8:      layout_cave_pods, lemuel_round_altar, nicolae_overflow_hidden_temple
D:9:      layout_rooms, nicolae_overflow_crystal_walls, serial_shops,
          nicolae_shop_crystal, shop, shop, serial_co_window_serial,
          co_window_corner_a, co_window_paths_a, co_window_corner_a,
          co_window_paths_b, co_window_of_opportunity_a,
          co_window_of_opportunity_a, co_window_paths_b, co_window_paths_a,
          co_window_of_opportunity_a, co_window_paths_c, co_window_corner_b,
          co_window_broadway_c, co_window_broadway_b, co_window_paths_c,
          gammafunk_ghost_grave, enter_bailey_5, uniq_psyche
D:10:     layout_loops_ring, dpeg_lair_monsters, pond
D:11:     layout_stronghold, david_orc_5
D:12:     layout_loops_corners, basic_altar, uniq_frances
D:13:     layout_basic, erik_vaults_2, ldierk_geyser, minmay_pinched_square
D:14:     layout_irregular_city, hex_tiny, serial_shops, shop, uniq_nessos
D:15:     hangedman_depths_entry_civil_slaughter, layout_irregular_city,
          minivault_27
Temple:   jpeg_temple_alley_garden
Lair:1:   layout_small_grid, hibernation_bobbens
Lair:2:   layout_regular_city, skrybe_swamp_entry_bodies, lemuel_fruit_tree
Lair:3:   gammafunk_mikee_crab_dinner, layout_regular_city,
          guppyfry_snake_entry_garden, gammafunk_ghost_icy, minmay_lindwurm_lava
Lair:4:   layout_cave_pods, lemuel_fruit_fields
Lair:5:   layout_misc_corridors, nicolae_slime_entry_slimehenge,
          lemuel_old_faithful
Lair:6:   evilmike_catoblepas_cave, layout_regular_city, st_stairs_7,
          grunt_forest_small_clearings, bh_autumn_forest_stairs
Swamp:1:  layout_falls_marsh, evilmike_swamp_ruin_house_5,
          infiniplex_staircase_pool, uniq_kirke, uniq_louise, uniq_josephine,
          uniq_donald
Snake:1:  layout_gridlike, gammafunk_ghost_grave,
          hangedman_snake_wide_pillar_pass, grunt_megastairs_3, uniq_roxanne,
          uniq_azrael
Orc:1:    nicolae_orc_accident_1, layout_caves, gammafunk_ghost_smash,
          uniq_nergalle
Orc:2:    grunt_orc_gardens, layout_diamond_mine, grunt_orc_garden,
          grunt_orc_garden, grunt_orc_garden, grunt_orc_garden, serial_shops,
          nicolae_shop_statue_plus, basic_altar, mines2_david

Skill      XL: |  1  2  3  4  5  6  7  8  9 10 11 12 13 14 15 16 |
---------------+-------------------------------------------------+-----
Dodging        | 2 3 4 5 |  5.7
Spellcasting   | 2 3 4 5 6 7 8 9 10 | 10.0
Conjurations   | 4 5 6 7 8 10 11 12 | 12.1
Fighting       | 1 2 3 4 5 6 7 8 10 | 10.1
Hexes          | 2 3 4 |  4.0
Translocations | 1 2 4 |  4.0
Shields        | 3 9 10 11 13 14 15 | 15.0
Armour         | 2 3 5 |  5.5
Transmutations | 2 |  2.0
Earth Magic    | 2 |  2.0
Air Magic      | 9 11 | 11.1
Stealth        | |  1.7

Action                   |  1- 3 |  4- 6 |  7- 9 | 10-12 | 13-15 | 16-18 || total
-------------------------+-------+-------+-------+-------+-------+-------++-------
Melee: Whip              |    30 |    14 |   159 |    59 |       |       ||   262
       Falchion          |       |       |       |    18 |       |       ||    18
       Long sword        |       |       |       |   126 |    96 |       ||   222
       Hand axe          |       |       |       |       |   160 |       ||   160
 Fire: Hunting sling     |       |     7 |       |       |       |       ||     7
Throw: Dart              |       |       |     6 |     2 |     4 |       ||    12
       Stone             |       |       |       |     1 |       |       ||     1
 Cast: Magic Dart        |    82 |   195 |   359 |   101 |       |       ||   737
       Searing Ray       |       |       |    26 |   105 |   130 |       ||   261
       Fulminant Prism   |       |       |     7 |    28 |   204 |       ||   239
       Iskenderun's Myst |       |       |       |     3 |    62 |       ||    65
       Passwall          |       |       |       |       |     5 |       ||     5
       Conjure Ball Ligh |       |       |       |       |    50 |     7 ||    57
       Airstrike         |       |       |       |       |    33 |     6 ||    39
       Lightning Bolt    |       |       |       |       |    13 |       ||    13
       Shock             |       |       |       |       |       |    97 ||    97
       Iskenderun's Batt |       |       |       |       |       |    12 ||    12
Evoke: Wand              |       |       |       |     1 |     4 |       ||     5
       Lightning rod     |       |       |       |       |     1 |       ||     1
  Use: Scroll            |       |     9 |     9 |     4 |     8 |     3 ||    33
       Potion            |       |       |       |     2 |       |     1 ||     3
 Stab: Sleeping          |     1 |     1 |     1 |     1 |       |       ||     4
       Distracted        |       |       |       |       |     1 |       ||     1
Armor: Robe              |     9 |     7 |    35 |       |       |       ||    51
       Ring mail         |       |       |    24 |    63 |   181 |     4 ||   272
       Leather armour    |       |       |       |    26 |       |       ||    26
Dodge: Dodged            |    58 |    47 |   181 |   123 |   262 |    13 ||   684
Block: Other             |       |     7 |    76 |       |       |       ||    83
       Reflection        |       |     1 |    12 |    10 |    51 |     6 ||    80
       Kite shield       |       |       |       |   323 |   651 |    44 ||  1018
       Rpst.: Falchion   |       |       |       |     5 |       |       ||     5
       Long sword        |       |       |       |    20 |    24 |       ||    44

Table legend: (Time is in decaauts)
 A = Elapsed time spent in this place.
 B = Non-inter-level travel time spent in this place.
 C = Inter-level travel time spent in this place.
 D = Time resting spent in this place.
 E = Time spent auto-exploring this place.
 F = Levels seen in this place.
 G = Mean time per level.
                   A        B        C        D        E       F      G
               +--------+--------+--------+--------+--------+-----+--------+
         Total |  45758 |  42857 |   2901 |  19634 |  13519 |  27 | 1694.7 |
       Dungeon |  26403 |  24699 |   1704 |  10957 |   8251 |  15 | 1760.2 |
        Temple |      1 |      1 |      0 |      0 |      0 |   1 |    1.0 |
          Lair |  13391 |  12688 |    703 |   6143 |   3839 |   6 | 2231.8 |
         Swamp |      1 |      1 |      0 |      0 |      0 |   1 |    1.0 |
     Snake Pit |   1355 |   1260 |     95 |    700 |    315 |   1 | 1355.0 |
  Orcish Mines |   3776 |   3378 |    398 |   1494 |   1040 |   2 | 1888.0 |
        Bailey |    827 |    827 |      0 |    340 |     73 |   1 |  827.0 |
               +--------+--------+--------+--------+--------+-----+--------+

Top non-repeatable levels by time:
  Lair:3: 3656 daAuts
     D:5: 2815 daAuts
  Lair:6: 2702 daAuts
  Lair:4: 2621 daAuts
    D:14: 2601 daAuts
    D:12: 2476 daAuts
   Orc:1: 2168 daAuts
    D:11: 2124 daAuts
     D:6: 1859 daAuts
  Lair:2: 1719 daAuts
     D:4: 1699 daAuts
     D:2: 1696 daAuts
     D:7: 1684 daAuts
    D:13: 1639 daAuts
   Orc:2: 1608 daAuts
